Map: Lightshade LE

Players

NeNu - Winner!

  • Race: Zerg Zerg
  • Spawn Location: 5:00

Kienzays

  • Race: Protoss Protoss
  • Spawn Location: 11:00

VOD

Have the link to the VOD?

Description

Time

  • Played on: Oct. 18, 2020, 9:02 p.m.
  • Length: 5:42
Show
View Real Time Build Order
Export as new Build Order

NeNu Zerg - Winner!

Build Orders: Hatch First 

Get SALT Encoding   

  12  0:03  Drone  
  13  0:12  Overlord  
  13  0:17  Drone  
  14  0:23  Drone, Extractor  
  15  0:46  Hatchery  
  15  0:49  Drone  
  15  0:54  Drone  
  16  0:59  Drone  
  17  1:08  Drone  
  17  1:09  Extractor  
  17  1:18  Spawning Pool  
  16  1:21  Drone  
  16  1:25  Drone  
  18  1:34  Drone  
  19  1:59  Drone x2  
  19  2:00  Drone  
  22  2:06  Queen x2  
  26  2:12  Metabolic Boost  
  26  2:16  Drone  
  26  2:20  Drone  
  28  2:32  Hatchery  
  27  2:39  Drone  
  27  2:41  Overlord  
  28  2:49  Roach Warren  
  27  2:54  Overlord  
  27  2:57  Zergling x2  
  28  3:00  Zergling x2  
  29  3:15  Drone x3  
  29  3:18  Drone  
  29  3:19  Drone  
  35  3:20  Drone x2  
  36  3:35  Overlord  
  38  3:41  Roach x4  
  38  3:44  Overlord  
  38  3:48  Roach x2  
  48  3:54  Queen  
  50  4:04  Zergling x10  
  50  4:07  Zergling x2  
  50  4:08  Zergling x2  
  57  4:14  Zergling x6  
  58  4:17  Ravager  
  58  4:18  Ravager  
  58  4:19  Zergling x4  
  58  4:22  Zergling x2  
  63  4:29  Zergling x4  
  65  4:34  Overlord  
  65  4:52  Zergling x10  
  68  4:56  Zergling x12  
  68  4:59  Zergling x2  
  73  5:00  Zergling x2  
  73  5:06  Zergling x4  
  74  5:07  Overlord x2  
Show
View Real Time Build Order
Export as new Build Order

Kienzays Protoss 

Build Orders: 1 Gate Expand 

Get SALT Encoding   

  12  0:00  Probe  
  13  0:12  Probe  
  14  0:19  Pylon  
  14  0:24  Probe  
  15  0:37  Probe (Chrono Boost)  
  15  0:41  Gateway  
  16  0:47  Probe (Chrono Boost)  
  17  0:52  Probe (Chrono Boost), Assimilator  
  18  1:04  Probe  
  19  1:16  Probe  
  20  1:28  Nexus  
  20  1:37  Cybernetics Core  
  20  1:41  Probe  
  21  1:52  Assimilator  
  21  1:53  Probe  
  22  1:56  Pylon  
  22  2:05  Probe  
  23  2:14  Adept (Chrono Boost)  
  23  2:19  Probe  
  26  2:23  Warp Gate  
  26  2:32  Probe  
  26  2:36  Stalker (Chrono Boost)  
  27  2:40  Probe  
  31  2:44  Probe  
  31  2:46  Gateway  
  31  2:53  Probe  
  31  2:57  Twilight Council  
  31  2:58  Probe  
  33  3:09  Probe  
  33  3:11  Probe  
  35  3:21  Probe  
  35  3:23  Probe  
  37  3:33  Probe  
  38  3:36  Probe  
  39  3:44  Robotics Facility  
  39  3:45  Probe  
  40  3:49  Pylon  
  40  3:54  Shield Battery  
  40  3:58  Probe  
  40  3:59  Probe  
  42  4:10  Nexus  
  42  4:12  Probe, Pylon  
  42  4:16  Adept  
  42  4:17  Adept  
  47  4:19  Probe  
  47  4:23  Pylon  
  49  4:24  Probe (Chrono Boost)  
  49  4:25  Assimilator  
  49  4:27  Assimilator  
  50  4:31  Probe (Chrono Boost)  
  50  4:36  Probe (Chrono Boost)  
  51  4:42  Probe (Chrono Boost)  
  51  4:44  Probe (Chrono Boost)  
  53  4:45  Sentry  
  53  4:46  Sentry  
  53  4:47  Probe (Chrono Boost)  
  53  4:51  Cybernetics Core  
  58  4:54  Probe, Immortal (Chrono Boost)  
  51  5:13  Stalker  
  51  5:15  Adept  
  51  5:20  Shield Battery, Probe  
Tags
 
Add a new tag
Caveats
  • Supply blocks, unpowered buildings, or Contaminate may cause inaccurate times.
  • Supply counts are checked every 10 seconds.